 Dungeon Crawl Stone Soup version 0.31.0-9-g3a7656b989 (webtiles) character file.

Game seed: 10729115371532480992

61 qw the Shooter (level 3, -3/20 HPs)
             Began as a Deep Elf Hunter on Feb 2, 2024.
             Slain by Pargi (4 damage)
             ... on level 3 of the Dungeon.
             The game lasted 00:00:06 (2070 turns).

qw the Shooter (Deep Elf Hunter)                    Turns: 2070, Time: 00:00:06

Health: -3/20      AC:  7    Str: 10    XL:     3   Next: 83%
Magic:  5/5        EV: 11    Int: 13    God:
Gold:   191        SH:  0    Dex: 18    Spells: 2/2 levels left

rFire   . . .        a - +0 shortbow
rCold   . . .        (shield currently unavailable)
rNeg    . . .        e - +0 ring mail
rPois   .            h - +0 helmet
rElec   .            (no cloak)
rCorr   .            (no gloves)
SInv    .            c - +0 pair of boots
Will    .....        (no amulet)
Stlth   +            (no ring)
HPRegen 0.23/turn    (no ring)
MPRegen 0.09/turn

%: no passive effects
@: no status effects
A: no striking features
a: no special abilities


You were on level 3 of the Dungeon.
You visited 1 branch of the dungeon, and saw 3 of its levels.

You collected 191 gold pieces.


   Skills:
 - Level 1.5 Fighting
 + Level 7.3 Ranged Weapons
 - Level 2.4 Dodging
 - Level 1.2 Stealth


You had 2 spell levels left.
You didn't know any spells.
Your spell library was empty.

Inventory:

Hand Weapons
 a - a +0 shortbow (weapon)
Armour
 c - a +0 pair of boots (worn)
 e - a +0 ring mail (worn)
 h - a +0 helmet (worn)
Wands
 k - a wand of digging (2)
Scrolls
 d - a scroll of fog {unknown}
Potions
 b - a potion of magic {unknown}
 f - 2 potions of heal wounds {unknown}
 g - a potion of degeneration {unknown}
 i - a potion of attraction {unknown}
 j - a potion of resistance {unknown}
 l - a potion of curing {unknown}

Dungeon Overview and Level Annotations

Branches:
Dungeon (3/15)

Altars:

Annotations:
D:2 1 runed translucent door, Crazy Yiuf
D:3 Pargi


Message History

Pargi barely misses you. Pargi claws you but does no damage. x2
You shoot an arrow. The arrow hits Pargi!
Pargi is heavily wounded.
Pargi bites you but does no damage. Pargi claws you but does no damage.
Pargi closely misses you. Pargi bites you but does no damage.
Pargi barely misses you. Pargi closely misses you.
You shoot an arrow. The arrow hits Pargi.
Pargi is heavily wounded.
Pargi bites you but does no damage. Pargi claws you but does no damage.
Pargi barely misses you.
You shoot an arrow. The arrow hits Pargi.
Pargi is severely wounded.
Pargi bites you but does no damage. Pargi claws you but does no damage.
Pargi closely misses you.
You shoot an arrow. The arrow closely misses Pargi.
Pargi bites you but does no damage. Pargi closely misses you.
Pargi claws you but does no damage.
You shoot an arrow. The arrow hits Pargi.
Pargi is severely wounded.
Pargi bites you! Pargi barely misses you. Pargi claws you but does no damage.
You shoot an arrow. The arrow misses Pargi.
Pargi bites you but does no damage. Pargi claws you. x2
Pargi bites you but does no damage. Pargi claws you but does no damage.
Pargi claws you.
You shoot an arrow. The arrow hits Pargi!
Pargi is almost dead.
Pargi closely misses you. Pargi misses you. Pargi claws you.
You shoot an arrow. The arrow hits Pargi.
Pargi is almost dead.
Pargi bites you. Pargi claws you. Pargi claws you but does no damage.
You shoot an arrow. The arrow closely misses Pargi.
Pargi bites you. Pargi misses you. Pargi claws you but does no damage.
You shoot an arrow.
The arrow hits Pargi but does no damage.
Pargi is severely wounded.
Pargi barely misses you. Pargi closely misses you. Pargi claws you.
Pargi closely misses you. Pargi completely misses you.
Pargi closely misses you.
You shoot an arrow. The arrow barely misses Pargi.
Pargi bites you.
You die...

######## ###### #......#
#....# #......#
#....###......# ######
#....'........# .....#
#...%###......###.....#
#....# #......##>T....#
###.## ###.#####@#
########## ###.## #(#
#.# #...#....# .....#
#.# #.# ##...#....#
.....# #.# #.#
#)........# .....# #.#
#.##.###.......###
...?.#
#.#####.##..............
###.##
#.......######.......###
#.# #######.#
####....%..# #.# #.#
#........###


You could see Pargi.

Vanquished Creatures
  An adder (D:2)
  2 dart slugs
  A ribbon worm (D:2)
  3 ball pythons
  7 endoplasms
  3 giant cockroaches
  4 goblins
  4 hobgoblins
  2 quokkas (D:1)
  5 bats
  2 frilled lizards
  4 kobolds
  5 rats
43 creatures vanquished.

Notes
Turn   | Place    | Note
-------+----------+-------------------------------------------
     0 | D:1      | qw the Deep Elf Hunter began the quest for the Orb.
     0 | D:1      | Reached XP level 1. HP: 12/12 MP: 3/3
     0 | D:1      | 0 ||| qw: Version: 0.3-a-155-g5e7d8dd
     0 | D:1      | 0 ||| qw: Game counter: 22
     0 | D:1      | 0 ||| qw: Melee chars always use a shield: true
     0 | D:1      | 0 ||| qw: God list: Okawaru
     0 | D:1      | 0 ||| qw: Allow faded altars: false
     0 | D:1      | 0 ||| qw: Do Orc after clearing Dungeon:15 true
     0 | D:1      | 0 ||| qw: Do second Lair branch before Depths: true
     0 | D:1      | 0 ||| qw: Lair rune preference: random
     0 | D:1      | 0 ||| qw: Goals: Normal
     0 | D:1      | 0 ||| PLANNING D:1-11
   145 | D:1      | Reached skill level 6 in Ranged Weapons
   145 | D:1      | Reached XP level 2. HP: 16/16 MP: 4/4
   167 | D:1      | HP: 4/16 [quokka (4)]
   299 | D:1      | Found a faded altar of an unknown god.
   641 | D:1      | 641 ||| UPGRADING to +0 ring mail.
   654 | D:1      | 654 ||| DROPPING +0 leather armour.
   771 | D:1      | 771 ||| READING scroll labelled NEURUED TENT.
   772 | D:1      | 772 ||| READING scroll labelled LUDOST NEDELO.
   773 | D:1      | 773 ||| DROPPING scroll of butterflies.
   821 | D:2      | Reached XP level 3. HP: 20/20 MP: 5/5
   843 | D:2      | HP: 5/20 [poisoned by an adder]
   990 | D:2      | Reached skill level 7 in Ranged Weapons
  1001 | D:2      | 1001 ||| DROPPING +1 sling of flaming.
  1245 | D:2      | Found a runed translucent door.
  1246 | D:2      | Noticed Crazy Yiuf
  1578 | D:2      | 1578 ||| UPGRADING to +0 pair of boots.
  1583 | D:2      | 1583 ||| UPGRADING to +0 helmet.
  1588 | D:2      | 1588 ||| READING scroll labelled BOQIHE EXYSUM.
  1589 | D:2      | 1589 ||| READING scroll labelled XAQESEVOQU.
  1661 | D:2      | 1661 ||| READING scroll labelled ZAUSTR XYMMO.
  1662 | D:2      | 1662 ||| READING scroll labelled SAFEM VYMAOR.
  2057 | D:3      | Noticed Pargi
  2067 | D:3      | HP: 5/20 [Pargi (4)]
  2069 | D:3      | HP: 1/20 [Pargi (2)]
  2070 | D:3      | Slain by Pargi

Levels and vault maps discovered:
D:1:      dpeg_arrival_simpleton_c, layout_basic,
          shapermc_ecumenical_altar_mp_urbaneastern, serial_glass,
          glass_columns_a, glass_columns_b, minmay_strange_pillars,
          feat_on_display, dreamdust_wishing_well
D:2:      layout_loops_ring, hangedman_decor_opposing, minmay_pentomino_u2,
          uniq_crazy_yiuf_cottage
D:3:      layout_basic, uniq_jessica, uniq_pargi

Skill      XL: |  1  2  3 |
---------------+----------+-----
Ranged Weapons | 6 7 |  7.3
Fighting       | |  1.5
Dodging        | |  2.4
Stealth        | |  1.2

Action                     || total
---------------------------++-------
   Fire: Shortbow          ||   133
    Use: Scroll            ||     6
 Armour: Leather armour    ||    11
         Ring mail         ||    37
         Skin              ||     1
  Dodge: Dodged            ||    33

Table legend:
 A = Non-vault XP
 B = Vault XP
 C = Vault XP percentage of total XP
 D = Non-vault monster count
 E = Vault monster count
 F = Vault count percentage of total count
                 A         B        C        D         E       F
            +---------+---------+-------+---------+---------+-------
      Total |      88 |       0 |   0.0 |      43 |       0 |   0.0
            +---------+---------+-------+---------+---------+-------
        D:1 |      35 |       0 |   0.0 |      20 |       0 |   0.0
        D:2 |      39 |       0 |   0.0 |      14 |       0 |   0.0
        D:3 |      14 |       0 |   0.0 |       9 |       0 |   0.0
            +---------+---------+-------+---------+---------+-------
